3L
KINGSTON TOWNSHIP LEGION @ D.C. DIVIDED
10/01/2021
 
TOP OF THE 1ST
Kingston Township Legion batting - Pitching for D.C. Divided : RHP José Alaniz
Pitching: RHP José Alaniz
Batting: LHB Wilfrid Savary 0-0: Foul Ball, location: 2F
0-1: Ground out 4-3 (Groundball, 4)
Batting: RHB Layton Templeman 0-0: Ball
1-0: Called Strike
1-1: Swinging Strike
1-2: SINGLE (Groundball, 34D)
Batting: LHB Clay Rush 0-0: Ball
1-0: Ball
2-0: Foul Ball, location: 2F
2-1: Ball
3-1: DOUBLE (Line Drive, 8RXD)
Layton Templeman to third
Runner from 3rd tries for Home, SAFE, throw made home
Batting: LHB Gonzalo López 0-0: Ball
1-0: Ball
2-0: Ground out 4-3 (Groundball, 4)
Clay Rush to third
Batting: RHB Akihiko Oike 0-0: Ball
1-0: Called Strike
1-1: Ball
2-1: Ball
3-1: SINGLE (Line Drive, 6MD)
Clay Rush scores
Batting: RHB António Varela 0-0: Swinging Strike
0-1: Ground out 5-3 (Groundball, 5)
Top of the 1st over - 2 run(s), 3 hit(s), 0 error(s), 1 left on base; Kingston Township 2 - D.C. 0
BOTTOM OF THE 1ST
D.C. Divided batting - Pitching for Kingston Township Legion : RHP Clarence Ramsey
Pitching: RHP Clarence Ramsey
Batting: LHB Charles Mathes 0-0: SINGLE (Line Drive, 89S)
Batting: RHB Duncan Thomas 0-0: Ball
1-0: Ball
2-0: Grounds into double play, 4-6-3 (Groundball, 4)
Batting: LHB Brad Elmore 0-0: Called Strike
0-1: Ball
1-1: Called Strike
1-2: Strikes out swinging
Bottom of the 1st over - 0 run(s), 1 hit(s), 0 error(s), 0 left on base; Kingston Township 2 - D.C. 0
TOP OF THE 2ND
Kingston Township Legion batting - Pitching for D.C. Divided : RHP José Alaniz
Batting: RHB Pedro Mendoza 0-0: Ball
1-0: Ball
2-0: Foul Ball, location: 2F
2-1: Ball
3-1: Foul Ball, location: 2F
3-2: Foul Ball, location: 2F
3-2: Strikes out swinging
Batting: RHB Vicente Toro 0-0: Called Strike
0-1: Ball
1-1: Ball
2-1: Ball
3-1: Base on Balls
Batting: RHB Carlos Mercado 0-0: SINGLE (Line Drive, 7LM)
Vicente Toro to second
Batting: LHB Wilfrid Savary 0-0: Foul Ball, location: 2F
0-1: Swinging Strike
0-2: Foul Ball, location: 2F
0-2: Foul Ball, location: 2F
0-2: Foul Ball, location: 2F
0-2: Foul Ball, location: 2F
0-2: Ball
1-2: Foul Ball, location: 2F
1-2: Ball
2-2: SINGLE (Line Drive, 9LS)
Vicente Toro to third
Carlos Mercado to second
Batting: RHB Layton Templeman 0-0: Called Strike
0-1: Ball
Wild Pitch!
Vicente Toro scores
Carlos Mercado to third
Wilfrid Savary to second
1-1: Called Strike
1-2: Ball
2-2: Fly out, F8 (Flyball, 8RM)
Runner from 3rd tags up, SCORES, throw made
Batting: LHB Clay Rush 0-0: Called Strike
0-1: Swinging Strike
0-2: Foul Ball, location: 2F
0-2: Ground out 4-3 (Groundball, 4M)
Top of the 2nd over - 2 run(s), 2 hit(s), 0 error(s), 1 left on base; Kingston Township 4 - D.C. 0
BOTTOM OF THE 2ND
D.C. Divided batting - Pitching for Kingston Township Legion : RHP Clarence Ramsey
Batting: LHB Félix Pérez 0-0: Foul Ball, location: 2F
0-1: Ground out 3-1 (Groundball, 34)
Batting: LHB Mike Gardner 0-0: Called Strike
0-1: Ground out 4-3 (Groundball, 4)
Batting: RHB Gustavo Mateo 0-0: Foul Ball, location: 2F
0-1: Ball
1-1: Swinging Strike
1-2: Fly out, F1 (Popup, 13)
Bottom of the 2nd over - 0 run(s), 0 hit(s), 0 error(s), 0 left on base; Kingston Township 4 - D.C. 0
TOP OF THE 3RD
Kingston Township Legion batting - Pitching for D.C. Divided : RHP José Alaniz
Batting: LHB Gonzalo López 0-0: Ball
1-0: Ball
2-0: Called Strike
2-1: Ball
3-1: Foul Ball, location: 2F
3-2: Strikes out swinging
Batting: RHB Akihiko Oike 0-0: Foul Ball, location: 2F
0-1: Ground out 5-3 (Groundball, 56)
Batting: RHB António Varela 0-0: Ball
1-0: Ball
2-0: Foul Ball, location: 2F
2-1: Foul Ball, location: 2F
2-2: Ground out 6-3 (Groundball, 6)
Top of the 3rd over - 0 run(s), 0 hit(s), 0 error(s), 0 left on base; Kingston Township 4 - D.C. 0
BOTTOM OF THE 3RD
D.C. Divided batting - Pitching for Kingston Township Legion : RHP Clarence Ramsey
Batting: LHB Jorge Aicón 0-0: Swinging Strike
0-1: Called Strike
0-2: Strikes out swinging
Batting: RHB Lúcio López 0-0: Called Strike
0-1: Ball
1-1: Foul Ball, location: 2F
1-2: Foul Ball, location: 2F
1-2: Ball
2-2: Foul Ball, location: 2F
2-2: Foul Ball, location: 2F
2-2: Foul Ball, location: 2F
2-2: Ball
3-2: Foul Ball, location: 2F
3-2: Base on Balls
Batting: LHB Ramón García 0-0: Fly out, F8 (Flyball, 8RM)
Batting: LHB Charles Mathes 0-0: Called Strike
0-1: Ball
1-1: Called Strike
1-2: Foul Ball, location: 2F
1-2: Ball
2-2: Foul Ball, location: 2F
2-2: Strikes out swinging
Bottom of the 3rd over - 0 run(s), 0 hit(s), 0 error(s), 1 left on base; Kingston Township 4 - D.C. 0
TOP OF THE 4TH
Kingston Township Legion batting - Pitching for D.C. Divided : RHP José Alaniz
Batting: RHB Pedro Mendoza 0-0: Called Strike
0-1: Called Strike
0-2: Ball
1-2: Foul Ball, location: 2F
1-2: Ball
2-2: Ball
3-2: Strikes out swinging
Batting: RHB Vicente Toro 0-0: Called Strike
0-1: Foul Ball, location: 2F
0-2: Ball
1-2: Foul Ball, location: 2F
1-2: Strikes out swinging
Batting: RHB Carlos Mercado 0-0: Called Strike
0-1: Ball
1-1: Fly out, F6 (Popup, 5D)
Top of the 4th over - 0 run(s), 0 hit(s), 0 error(s), 0 left on base; Kingston Township 4 - D.C. 0
BOTTOM OF THE 4TH
D.C. Divided batting - Pitching for Kingston Township Legion : RHP Clarence Ramsey
Batting: RHB Duncan Thomas 0-0: Called Strike
0-1: Ball
1-1: Foul Ball, location: 2F
1-2: Ball
2-2: SINGLE (Line Drive, 89S)
Batting: LHB Brad Elmore 0-0: Fly out, F7 (Flyball, 7D)
Batting: LHB Félix Pérez Pickoff Throw to First - Out!
0-0: DOUBLE (Line Drive, 8RXD)
Batting: LHB Mike Gardner 0-0: Called Strike
0-1: Ball
1-1: Ball
2-1: Called Strike
2-2: Foul Ball, location: 2F
2-2: Ball
3-2: Foul Ball, location: 2F
3-2: Base on Balls
Batting: RHB Gustavo Mateo 0-0: Ball
1-0: Foul Ball, location: 2F
1-1: Fly out, F7 (Flyball, 78M)
Bottom of the 4th over - 0 run(s), 2 hit(s), 0 error(s), 2 left on base; Kingston Township 4 - D.C. 0
TOP OF THE 5TH
Kingston Township Legion batting - Pitching for D.C. Divided : RHP José Alaniz
Batting: LHB Wilfrid Savary 0-0: Foul Ball, location: 2F
0-1: Ball
1-1: Ball
2-1: Ball
3-1: Foul Ball, location: 2F
3-2: Foul Ball, location: 2F
3-2: Ground out 4-3 (Groundball, 4)
Batting: RHB Layton Templeman 0-0: Ball
1-0: SINGLE (Flyball, 8LS)
Batting: LHB Clay Rush 0-0: Ball
1-0: Ball
2-0: Ball
3-0: Called Strike
3-1: Called Strike
3-2: Grounds into double play, 1-4-3 (Groundball, 15S)
Top of the 5th over - 0 run(s), 1 hit(s), 0 error(s), 0 left on base; Kingston Township 4 - D.C. 0
BOTTOM OF THE 5TH
D.C. Divided batting - Pitching for Kingston Township Legion : RHP Clarence Ramsey
Batting: LHB Jorge Aicón 0-0: Ball
1-0: Ball
2-0: Ball
3-0: Called Strike
3-1: Base on Balls
Batting: RHB Lúcio López 0-0: Ball
1-0: Ball
2-0: SINGLE (Flyball, 7S)
Jorge Aicón to second
Batting: LHB Ramón García 0-0: Ball
1-0: Called Strike
1-1: SINGLE (Groundball, 34D)
Jorge Aicón to third
Lúcio López to second
Batting: LHB Charles Mathes 0-0: DOUBLE (Line Drive, 3L)
Jorge Aicón scores
Lúcio López scores
Ramón García to third
Batting: RHB Duncan Thomas 0-0: Ground out 2-3 (Groundball, 2R)
Batting: LHB Brad Elmore 0-0: Ball
1-0: Foul Ball, location: 2F
1-1: Swinging Strike
1-2: Foul Ball, location: 2F
1-2: Ball
2-2: DOUBLE (Flyball, 78XD)
Ramón García scores
Charles Mathes scores
Batting: LHB Félix Pérez 0-0: Foul Ball, location: 2F
0-1: Called Strike
0-2: Fly out, F9 (Flyball, 9D)
Runner from 2nd tags up, SAFE at 3rd, no throw
Batting: LHB Mike Gardner 0-0: Intentional Walk
Batting: RHB Gustavo Mateo 0-0: Fly out, F8 (Flyball, 8RS)
Bottom of the 5th over - 4 run(s), 4 hit(s), 0 error(s), 2 left on base; Kingston Township 4 - D.C. 4
TOP OF THE 6TH
Kingston Township Legion batting - Pitching for D.C. Divided : RHP José Alaniz
Batting: LHB Gonzalo López 0-0: Ball
1-0: Called Strike
1-1: Called Strike
1-2: Strikes out swinging
Batting: RHB Akihiko Oike 0-0: Ball
1-0: Ball
2-0: Ball
3-0: Called Strike
3-1: Base on Balls
Batting: RHB António Varela 0-0: Ball
1-0: Grounds into double play, U6-3 (Groundball, 6M)
Top of the 6th over - 0 run(s), 0 hit(s), 0 error(s), 0 left on base; Kingston Township 4 - D.C. 4
BOTTOM OF THE 6TH
D.C. Divided batting - Pitching for Kingston Township Legion : RHP Clarence Ramsey
Batting: LHB Jorge Aicón 0-0: Ball
1-0: Ground out 4-3 (Groundball, 34)
Batting: RHB Lúcio López 0-0: Foul Ball, location: 2F
0-1: Ball
1-1: Called Strike
1-2: Ball
2-2: Ball
3-2: Base on Balls
Batting: LHB Ramón García 0-0: Ball
1-0: Foul Ball, location: 2F
1-1: SINGLE (Line Drive, 78S)
Lúcio López to second
Pitching: LHP Bill Washington
Batting: LHB Charles Mathes 0-0: SINGLE (Groundball, 4M)
Lúcio López to third
Ramón García to second
Runner from 3rd tries for Home, SAFE, throw made home
Ramón García to third
Charles Mathes to second
Batting: RHB Duncan Thomas 0-0: Intentional Walk
Batting: LHB Brad Elmore 0-0: Foul Ball, location: 2F
0-1: Foul Ball, location: 2F
0-2: Fly out, F6 (Popup, 6D)
Batting: LHB Félix Pérez 0-0: SINGLE (Groundball, 4MD)
Ramón García scores
Charles Mathes to third
Duncan Thomas to second
Runner from 3rd tries for Home, SAFE, no throw or cutoff
Batting: LHB Mike Gardner 0-0: Ball
1-0: SINGLE (Line Drive, 8LS)
Duncan Thomas to third
Félix Pérez to second
Runner from 3rd tries for Home, SAFE, throw made home
Félix Pérez to third
Mike Gardner to second
Batting: RHB Gustavo Mateo 0-0: Intentional Walk
Batting: LHB Jorge Aicón 0-0: Called Strike
0-1: Ball
1-1: Ball
2-1: Fly out, F6 (Popup, 6D)
Bottom of the 6th over - 4 run(s), 4 hit(s), 0 error(s), 3 left on base; Kingston Township 4 - D.C. 8
TOP OF THE 7TH
Kingston Township Legion batting - Pitching for D.C. Divided : RHP José Alaniz
Batting: RHB Pedro Mendoza 0-0: Foul Ball, location: 2F
0-1: Swinging Strike
0-2: Ball
1-2: Ground out 6-3 (Groundball, 6)
Batting: RHB Vicente Toro 0-0: Ball
1-0: Called Strike
1-1: Called Strike
1-2: Foul Ball, location: 2F
1-2: Ground out 6-3 (Groundball, 6)
Batting: RHB Carlos Mercado 0-0: Ball
1-0: Called Strike
1-1: SINGLE (Groundball, 34S)
Batting: LHB Wilfrid Savary 0-0: Foul Ball, location: 2F
0-1: Foul Ball, location: 2F
0-2: Foul Ball, location: 2F
0-2: Ball
1-2: Foul Ball, location: 2F
1-2: Foul Ball, location: 2F
1-2: Foul Ball, location: 2F
1-2: Foul Ball, location: 2F
1-2: Ground out 3-1 (Groundball, 34)
Top of the 7th over - 0 run(s), 1 hit(s), 0 error(s), 1 left on base; Kingston Township 4 - D.C. 8
BOTTOM OF THE 7TH
D.C. Divided batting - Pitching for Kingston Township Legion : LHP Bill Washington
Batting: RHB Lúcio López 0-0: SOLO HOME RUN (Line Drive, 7LD), Distance : 358 ft
Batting: LHB Ramón García 0-0: Foul Ball, location: 2F
0-1: Ball
1-1: Swinging Strike
1-2: Fly out, F6 (Popup, 6D)
Batting: LHB Charles Mathes 0-0: Ball
1-0: Fly out, F3 (Line Drive, 3S)
Batting: RHB Duncan Thomas 0-0: Ground out 5-3 (Groundball, 56)
Bottom of the 7th over - 1 run(s), 1 hit(s), 0 error(s), 0 left on base; Kingston Township 4 - D.C. 9
TOP OF THE 8TH
Kingston Township Legion batting - Pitching for D.C. Divided : RHP José Alaniz
Batting: RHB Layton Templeman 0-0: Ball
1-0: Ball
2-0: Called Strike
2-1: Called Strike
2-2: Foul Ball, location: 2F
2-2: Foul Ball, location: 2F
2-2: Strikes out swinging
Batting: LHB Clay Rush 0-0: Ball
1-0: Ground out 1-3 (Groundball, 15)
Batting: LHB Gonzalo López 0-0: Called Strike
0-1: Called Strike
0-2: Ground out 4-3 (Groundball, 4)
Top of the 8th over - 0 run(s), 0 hit(s), 0 error(s), 0 left on base; Kingston Township 4 - D.C. 9
BOTTOM OF THE 8TH
D.C. Divided batting - Pitching for Kingston Township Legion : LHP Bill Washington
Batting: LHB Brad Elmore 0-0: Called Strike
0-1: Ball
1-1: Ball
2-1: Ball
3-1: Foul Ball, location: 2F
3-2: Foul Ball, location: 2F
3-2: Ground out 1-3 (Groundball, 15)
Batting: LHB Félix Pérez 0-0: Ball
1-0: Ball
2-0: Swinging Strike
2-1: Ground out 4-3 (Groundball, 4)
Batting: LHB Mike Gardner 0-0: Ball
1-0: Swinging Strike
1-1: Foul Ball, location: 2F
1-2: Ball
2-2: Ground out U3 (Groundball, 3S)
Bottom of the 8th over - 0 run(s), 0 hit(s), 0 error(s), 0 left on base; Kingston Township 4 - D.C. 9
TOP OF THE 9TH
Kingston Township Legion batting - Pitching for D.C. Divided : RHP José Alaniz
Batting: RHB Akihiko Oike 0-0: Ground out 2-3 (Groundball, 2L)
Batting: RHB António Varela 0-0: Called Strike
0-1: Ball
1-1: Ball
2-1: Called Strike
2-2: Strikes out looking
Batting: RHB Pedro Mendoza 0-0: Ball
1-0: Ground out 1-3 (Groundball, 15)
Top of the 9th over - 0 run(s), 0 hit(s), 0 error(s), 0 left on base; Kingston Township 4 - D.C. 9
This league is powered by Out of the Park Baseball, the baseball management simulation game for PC, Mac and Linux
Friday, January 22nd, 2016 - OOTP Baseball 16.9 Build 39